 Dungeon Crawl Stone Soup version 0.20-a0-959-gdc9e609 (webtiles) character file.

546 JeffiDaFish the Conjurer (level 7, -1/61 HPs)
             Began as a Green Draconian Conjurer on Apr 7, 2017.
             Slain by a gnoll
             ... wielding a +1 flail of crushing
              (2 damage)
             ... on level 5 of the Dungeon.
             The game lasted 00:13:42 (4122 turns).

JeffiDaFish the Conjurer (Green Draconian Conjurer) Turns: 4122, Time: 00:13:43

Health: -1/61      AC:  8    Str: 11    XL:     7   Next: 6%
Magic:  2/12       EV:  7    Int: 15    God:
Gold:   238        SH:  0    Dex: 13    Spells: 1/13 levels left

rFire    . . .     SeeInvis .   n - +4 scythe (venom)
rCold    . . .     Gourm    .   (shield currently unavailable)
rNeg     . . .     Faith    .   (armour unavailable)
rPois    +         Spirit   .   (helmet restricted)
rElec    .         Reflect  .   m - +0 cloak
rCorr    .         Harm     .   (no gloves)
MR       .....                  h - +0 pair of boots
Stlth    ++........             (no amulet)
Regen    0.2/turn               (no ring)
MPRegen  0.2/turn               (no ring)

@: about to teleport, short of breath, held
A: breathe noxious fumes, unfitting armour, stinger 1, poison resistance, robust
1, cold-blooded, AC +6
a: Breathe Noxious Fumes


You were on level 5 of the Dungeon.
You were hungry.

You visited 1 branch of the dungeon, and saw 5 of its levels.

You collected 238 gold pieces.

Inventory:

Hand Weapons
 d - a +1 short sword
 n - a +4 scythe of venom (weapon)
Armour
 h - a +0 pair of boots (worn)
 m - a +0 cloak (worn)
Scrolls
 e - 3 scrolls of identify
Potions
 g - 2 potions of cancellation
 o - a potion of brilliance
Books
 a - a book of Conjurations

   Spells                             Type                      Level
   a - Magic Dart                     Conjuration                  1
   b - Searing Ray                    Conjuration                  2
   c - Dazzling Spray                 Conjuration/Hexes            3
   d - Fulminant Prism                Conjuration/Hexes            4
   e - Force Lance                    Conjuration/Translocation    4
   f - Iskenderun's Mystic Blast      Conjuration                  4
Comestibles
 b - 2 bread rations
 c - a chunk of flesh
 f - 12 fruits
 i - a royal jelly
 k - 3 meat rations


   Skills:
 + Level 2.5 Fighting
 * Level 0.6 Polearms
 + Level 3.0 Dodging
 + Level 2.9 Stealth
 * Level 3.6 Spellcasting
 * Level 5.7 Conjurations
 + Level 1.4 Hexes
 + Level 1.3 Translocations


You had one spell level left.
You knew the following spells:

 Your Spells              Type           Power        Failure   Level  Hunger
a - Magic Dart            Conj           ###.         1%          1    None
b - Dazzling Spray        Conj/Hex       ##....       17%         3    ###....
c - Force Lance           Conj/Tloc      ##......     54%         4    ####...
d - Fulminant Prism       Conj/Hex       ##........   54%         4    ####...


Dungeon Overview and Level Annotations

Branches:
Dungeon (5/15)
 Temple: D:4-7

Altars:


Innate Abilities, Weirdness & Mutations

You can breathe blasts of noxious fumes.
Your lurid green scales are hard. (AC +6)
You cannot fit into any form of body armour.
Your system is resistant to poisons. (rPois)
You are cold-blooded and may be slowed by cold attacks.
Your tail ends in a poisonous barb.
You are robust. (+10% HP)


Message History

The gnoll hits you with an antimagic flail!
You feel your power leaking away.
You struggle against the net.
The gnoll closely misses you.
The gnoll hits you from afar with a halberd.
* * * LOW HITPOINT WARNING * * *
The gnoll closely misses you.
The gnoll hits you with a flail of crushing!
* * * LOW HITPOINT WARNING * * *
x2 You feel better.
The gnoll barely misses you.
The gnoll hits you from afar with a halberd.
* * * LOW HITPOINT WARNING * * *
The gnoll barely misses you.
As you read the scroll of teleportation, it crumbles to dust.
You feel strangely unstable. The gnoll closely misses you.
The gnoll hits you but does no damage. x2; The gnoll barely misses you.
You struggle against the net.
The gnoll is no longer blind.
The gnoll hits you but does no damage.
The gnoll hits you with a flail of crushing!
* * * LOW HITPOINT WARNING * * *
You die...

........#....##.......#
........#....##.......#
........#.............#
......g.#.............#
........#.............#
#.....#....#######+###
#...).#....#.........#
#.....####'#.........#
#......g@............#
#.....ggg............#
#..................[.#
#....................#
#....................#
#....................#
############.........#
###########


You could see 4 gnolls.

Vanquished Creatures
  Sigmund (D:4)
  A necrophage (D:5)
  Crazy Yiuf (D:3)
  Jessica (D:2)
  Natasha (thrice) (D:2)
  Terence (D:2)
  2 adders
  4 gnolls
  2 oozes (D:1)
  A worm (D:2)
  4 dart slugs
  3 leopard geckos
  3 orcs
  2 giant cockroaches
  12 goblins
  8 hobgoblins
  3 jackals (D:4)
  12 kobolds
  3 quokkas
  7 bats
  7 frilled lizards
  A jackal skeleton (D:5)
  A quokka skeleton (D:5)
  7 rats
90 creatures vanquished.

Notes
Turn   | Place    | Note
-------+----------+-------------------------------------------
     0 | D:1      | JeffiDaFish the Draconian Conjurer began the quest for the Orb.
     0 | D:1      | Reached XP level 1. HP: 14/14 MP: 3/3
   175 | D:1      | Reached XP level 2. HP: 18/20 MP: 0/5
   705 | D:1      | Reached XP level 3. HP: 26/26 MP: 2/6
   813 | D:1      | Learned a level 3 spell: Dazzling Spray
  1238 | D:2      | Noticed Jessica
  1241 | D:2      | Killed Jessica
  1241 | D:2      | Reached XP level 4. HP: 34/34 MP: 3/7
  1361 | D:2      | Gained mutation: You are robust. (+10% HP) [potion of mutation]
  1361 | D:2      | Gained mutation: Your tail ends in a poisonous barb. [potion of mutation]
  1453 | D:2      | Noticed Natasha
  1469 | D:2      | Killed Natasha
  1469 | D:2      | Reached skill level 1 in Fighting
  1469 | D:2      | Reached skill level 1 in Hexes
  1722 | D:2      | Noticed Natasha
  1881 | D:2      | Noticed Terence
  1899 | D:2      | Killed Terence
  1899 | D:2      | Reached XP level 5. HP: 32/44 MP: 1/9
  2118 | D:2      | Killed Natasha
  2118 | D:2      | Reached skill level 5 in Conjurations
  2186 | D:2      | Learned a level 4 spell: Force Lance
  2199 | D:2      | Noticed Natasha
  2210 | D:2      | Killed Natasha
  2796 | D:3      | Found a runed door.
  2853 | D:3      | Noticed Crazy Yiuf
  2866 | D:3      | Killed Crazy Yiuf
  3167 | D:3      | Reached XP level 6. HP: 52/52 MP: 3/10
  3650 | D:4      | Noticed Sigmund
  3668 | D:4      | Killed Sigmund
  3668 | D:4      | Reached skill level 1 in Translocations
  3872 | D:4      | Learned a level 4 spell: Fulminant Prism
  3959 | D:4      | You fall through a shaft!
  3959 | D:5      | Entered Level 5 of the Dungeon
  3972 | D:5      | Your scales start taking on a lurid green colour.
  3972 | D:5      | Reached XP level 7. HP: 51/60 MP: 9/12
  3972 | D:5      | Gained mutation: Your system is resistant to poisons. (rPois) [Green Draconian growth]
  4122 | D:5      | HP: 1/61 [gnoll/flail of crushing (9)]
  4122 | D:5      | Slain by a gnoll

Vault maps used:
D:1:      lightli_arrival_lavapool, minmay_hexomino_f4
D:2:      minmay_fountain_box, uniq_natasha, uniq_jessica, uniq_terence
D:3:      first_bread, uniq_crazy_yiuf_cottage
D:4:      kennysheep_generic_room_5, uniq_sigmund
D:5:      old_standard_altar, nicolae_gozag_zags_fifth_avenue

Skill      XL: |  1  2  3  4  5  6 |
---------------+-------------------+-----
Dodging        | 2 3 |  3.0
Stealth        | 2 |  2.9
Fighting       | 1 2 |  2.5
Hexes          | 1 |  1.4
Conjurations   | 5 |  5.7
Spellcasting   | 3 |  3.6
Translocations | 1 |  1.3
Polearms       | |  0.6

Action                   |  1- 3 |  4- 6 |  7- 9 || total
-------------------------+-------+-------+-------++-------
Melee: Short sword       |    25 |   112 |       ||   137
       Unarmed           |     4 |       |       ||     4
       Tailslap          |     4 |    11 |       ||    15
       Scythe            |       |    14 |     7 ||    21
 Cast: Magic Dart        |    55 |    86 |     3 ||   144
       Dazzling Spray    |       |     8 |     3 ||    11
 Abil: Breathe Noxious F |       |       |     1 ||     1
  Use: Scroll            |     7 |     4 |     1 ||    12
       Potion            |     4 |     6 |     1 ||    11
 Stab: Sleeping          |     1 |     6 |       ||     7
       Invisible         |       |     2 |       ||     2
  Eat: Chunk             |     2 |    11 |       ||    13
Armor: Skin              |    10 |    44 |     8 ||    62
Dodge: Dodged            |    28 |    92 |    12 ||   132
